 Dungeon Crawl Stone Soup version 0.31-a0-460-g9e667d4245 (webtiles) character file.

Game seed: 968484423555537851

14 Xavori the Trooper (level 2, -2/25 HPs)
             Began as a Djinni Chaos Knight on Aug 4, 2023.
             Was a Plaything of Xom.
             Slain by an ufetubus (4 damage)
             ... summoned by Xom
             ... on level 1 of the Dungeon.
             The game lasted 00:00:20 (157 turns).

Xavori the Trooper (Djinni Chaos Knight)             Turns: 157, Time: 00:00:21

Health: -2/25      AC:  5    Str: 11    XL:     2   Next: 55%
Gold:   0          EV: 11    Int: 13    God:    Xom [...*..] SH:  0 Dex: 12

rFire   + + .        a - +0 falchion (chaos)
rCold   x . .        (no shield)
rNeg    . . .        b - +2 leather armour
rPois   ∞            (no helmet)
rElec   .            (no cloak)
rCorr   .            (no gloves)
SInv    .            (boots unavailable)
Will    .....        (no amulet)
Stlth   +            (no ring)
HPRegen 0.24/turn    (no ring)
MPRegen 0.00/turn

%: infuse magic (-3 HP)
@: flying
A: sickness immunity, fire resistance 2, cold vulnerability 1, float, innate
caster, HP casting, extra vitality 1
a: Renounce Religion


You were on level 1 of the Dungeon.
You worshipped Xom.
You were a favourite toy of Xom.
You visited 1 branch of the dungeon, and saw 1 of its levels.

Inventory:

Hand Weapons
 a - a +0 falchion of chaos (weapon)
Armour
 b - a +2 leather armour (worn)
Scrolls
 c - a scroll of butterflies
 d - a scroll of vulnerability {unknown}


   Skills:
 + Level 3.1 Fighting
 + Level 2.8 Long Blades
 + Level 1.0 Armour
 + Level 2.2 Dodging
 * Level 0.1 Spellcasting
 * Level 0.1 Conjurations
 * Level 0.1 Hexes
 * Level 0.1 Summonings
 * Level 0.1 Necromancy
 * Level 0.1 Translocations
 * Level 0.1 Transmutations
 * Level 0.1 Fire Magic
 * Level 0.1 Ice Magic
 * Level 0.1 Air Magic
 * Level 0.1 Earth Magic
 * Level 0.1 Poison Magic You didn't know any spells. Your spell library was empty.

Dungeon Overview and Level Annotations

Branches:
Dungeon (1/15)

Altars:


Innate Abilities, Weirdness & Mutations

You are immune to sickness and miasma.
You are immune to poison.
Your flesh is very heat resistant. (rF++)
You are vulnerable to cold. (rC-)
You float through the air rather than walking.
You learn spells naturally, not from books.
Your magical power is your life essence.
You have superior vitality. (+4 MHP)


Message History

The ufetubus hits you but does no damage.
The ufetubus barely misses you. The goblin hits you with a +0 dagger.
The ufetubus hits you. The ufetubus barely misses you.
Unknown command.
You are too injured to fight recklessly!
Unknown command.
You are too injured to fight recklessly!
You are too injured to fight recklessly!
The goblin attacks as you move away! The goblin completely misses you.
The hobgoblin hits you but does no damage.
You see here 4 stones.
The goblin attacks as you move away! The goblin hits you with a +0 dagger.
The hobgoblin attacks as you move away! The hobgoblin barely misses you.
The ufetubus misses you. The ufetubus closely misses you.
The ufetubus hits you.
* * * LOW HITPOINT WARNING * * *
The ufetubus hits you.
* * * LOW HITPOINT WARNING * * *
The ufetubus hits you.
* * * LOW HITPOINT WARNING * * *
The ufetubus misses you. The ufetubus attacks as you move away!
The ufetubus closely misses you.
The ufetubus barely misses you. x2; The ufetubus closely misses you.
The ufetubus barely misses you. x2
You see here a giant cockroach corpse.
The ufetubus attacks as you move away!
The ufetubus hits you but does no damage.
The ufetubus barely misses you.
You see here 8 stones.
Unknown command.
Unknown command.
The ufetubus closely misses you. The ufetubus hits you.
* * * LOW HITPOINT WARNING * * *
The ufetubus completely misses you.
The ufetubus hits you but does no damage.
The ufetubus attacks as you move away!
The ufetubus hits you but does no damage.
The ufetubus misses you. The ufetubus hits you.
You die...

#....#####....#
#.............#
#....####..###....
#...†..##..# ###
#.###.###g.# #.
#........g.# ..
#####).....# ..
#...)...g#### ###
..# #.###.#>.g5@#
#.. ..#
#.##.....##.# #.#
..####.......###.#
#.#
.......##........#
#.#
.#..#####.##.####...
#.# .#..# #.##.# .
#.# ....# #....# ..
#.# .#.###########
.# #.# .......# #.#


You could see an ufetubus (summoned) and 2 goblins.

Vanquished Creatures
  2 bats (D:1)
  A giant cockroach (D:1)
  A goblin (D:1)
  3 jackals (D:1)
  2 kobolds (D:1)
  A quokka (D:1)
  A frilled lizard (D:1)
11 creatures vanquished.

Notes
Turn   | Place    | Note
-------+----------+-------------------------------------------
     0 | D:1      | Xavori the Djinni Chaos Knight began the quest for the Orb.
     0 | D:1      | Reached XP level 1. HP: 20/20 MP: 0/0
    59 | D:1      | XOM: potion effect (berserk rage)
    66 | D:1      | Reached XP level 2. HP: 19/25 MP: 0/0
    84 | D:1      | XOM: 2-stop teleportation journey
   132 | D:1      | XOM: summons 2 hostile demons
   137 | D:1      | XOM: smoke on damage
   147 | D:1      | HP: 1/25 [ufetubus[Xom] (4)]
   153 | D:1      | HP: 1/25 [ufetubus[Xom] (1)]
   157 | D:1      | Slain by an ufetubus

Illustrated notes

Levels and vault maps discovered:
D:1:      dpeg_arrival_long_road, layout_basic, serial_park_tiny_pond

Action                     || total
---------------------------++-------
  Melee: Falchion          ||    44
   Stab: Confused          ||     1
 Armour: Leather armour    ||    34
  Dodge: Dodged            ||    75

Table legend: (Time is in decaauts)
 A = Elapsed time spent in this place.
 B = Non-inter-level travel time spent in this place.
 C = Inter-level travel time spent in this place.
 D = Time resting spent in this place.
 E = Time spent auto-exploring this place.
 F = Levels seen in this place.
 G = Mean time per level.
                   A        B        C        D        E       F      G
               +--------+--------+--------+--------+--------+-----+--------+
         Total |    170 |    170 |      0 |      9 |     67 |   1 |  170.0 |
       Dungeon |    170 |    170 |      0 |      9 |     67 |   1 |  170.0 |
               +--------+--------+--------+--------+--------+-----+--------+

Top non-repeatable levels by time:
     D:1: 170 daAuts
